 Dungeon Crawl Stone Soup version 0.27.1-4-g1640c2035a (webtiles) character file.

Game seed: 9889868973312567695

542 Atelerd the Digger (level 7, 0/41 HPs)
             Began as an Octopode Earth Elementalist on Oct 31, 2021.
             Slain by an orc wizard (2 damage)
             ... on level 5 of the Dungeon on Nov 5, 2021.
             The game lasted 00:05:08 (4909 turns).

Atelerd the Digger (Octopode Earth Elementalist)    Turns: 4909, Time: 00:05:09

Health: 0/41       AC:  1    Str:  8    XL:     7   Next: 27%
Magic:  13/13      EV: 13    Int: 19    God:
Gold:   260        SH:  0    Dex: 12    Spells: 9/14 levels left

rFire    . . .     SeeInvis .   j - +1 dagger (speed)
rCold    . . .     Faith    .   (no shield)
rNeg     . . .     Spirit   .   (helmet restricted)
rPois    .         Reflect  .   (no amulet)
rElec    .         Harm     .   (no ring)
rCorr    .         Rampage  .   (no ring)
Will     .....                  (no ring)
Stlth    ++........             (no ring)
HPRegen  0.13/turn              (no ring)
MPRegen  0.13/turn              (no ring)
                                (no ring)
                                (no ring)

@: confused, lethally poisoned (0 -> -24), ambrosia-drunk
A: almost no armour, amphibious, 8 rings, camouflage 1, gelatinous body 1,
(nimble swimmer 1), tentacles
a: no special abilities


You were on level 5 of the Dungeon.
You visited 1 branch of the dungeon, and saw 5 of its levels.

You collected 260 gold pieces.

Inventory:

Hand Weapons
 a - a +0 dagger
 j - a +1 dagger of speed (weapon)
Missiles
 b - 63 stones
Scrolls
 e - a scroll of acquirement {unknown}
 h - a scroll of teleportation {unknown}
 i - 2 scrolls of enchant armour {unknown}
 o - 3 scrolls of noise {unknown}
 q - 2 scrolls of identify {unknown}
 t - a scroll of amnesia {unknown}
Potions
 c - a potion of magic {unknown}
 d - a potion of mutation {unknown}
 f - 2 potions of might
 k - 2 potions of invisibility {unknown}
 l - 2 potions of heal wounds {unknown}
 m - a potion of lignification {unknown}
 n - 2 potions of attraction {unknown}
 p - a potion of brilliance {unknown}
 r - 2 potions of curing {unknown}
 s - a potion of degeneration {unknown}


   Skills:
 - Level 2.0 Dodging
 + Level 3.2 Stealth
 + Level 4.3 Spellcasting
 + Level 4.2 Transmutations
 + Level 5.1 Earth Magic


You had 9 spell levels left.
You knew the following spells:

 Your Spells              Type           Power      Damage    Failure   Level
a - Sandblast             Erth           46%        2d11      1%          1
p - Petrify               Tmut/Erth      22%        N/A       19%         4

Your spell library contained the following spells:

 Spells                   Type           Power      Damage    Failure   Level
 Passwall                 Tmut/Erth      18%        N/A       3%          2
 Stone Arrow              Conj/Erth      26%        3d8       14%         3
 Ignite Poison            Fire/Tmut/Pois 9%         N/A       22%         3
 Conjure Flame            Conj/Fire      4%         6-21      38%         3
 Sticky Flame             Conj/Fire      4%         2d3       80%         4


Dungeon Overview and Level Annotations

Branches:
Dungeon (5/15)
 Temple: D:4-7

Altars:

Shops:
D:2 :

Annotations:
D:2 1 runed translucent door, Crazy Yiuf


Innate Abilities, Weirdness & Mutations

You cannot wear most types of armour.
You are amphibious.
You can wear up to eight rings at the same time.
Your skin changes colour to match your surroundings (Stealth+).
Your rubbery body absorbs attacks. (AC +1, EV +1)
((You are camouflaged near water. (Stealth+)))
You have tentacles for arms and can constrict up to eight enemies at once.


Message History

Casting: Sandblast (safe; 1% risk of failure)
Confirm with . or Enter, or press ? or * to list all spells.
Aiming: Sandblast (safe; 1% risk of failure)
Press: ? - help, Shift-Dir - straight line, f/p - orc wizard
Aim: an orc wizard, wielding a +0 dagger and wearing a +1 robe of the Archmagi (almost dead, 76% to hit)
The blast of sand hits the orc wizard!
You kill the orc wizard!
You feel sick. Something hits you.
You are more poisoned.
The orc completely misses you.
Unknown command.
Casting: Sandblast (safe; 1% risk of failure)
Confirm with . or Enter, or press ? or * to list all spells.
Aiming: Sandblast (safe; 1% risk of failure)
Press: ? - help, Shift-Dir - straight line, f - orc
Aim: an orc, wielding a +0 dagger (81% to hit)
The blast of sand misses the orc.
You feel very sick. Something hits you.
You are lethally poisoned!
The orc barely misses you.
Casting: Sandblast (safe; 1% risk of failure)
Confirm with . or Enter, or press ? or * to list all spells.
Aiming: Sandblast (safe; 1% risk of failure)
Press: ? - help, Shift-Dir - straight line, f/p - orc
Aim: an orc, wielding a +0 dagger (81% to hit)
The blast of sand hits the orc!
You kill the orc!
* * * LOW HITPOINT WARNING * * *
You feel very sick. Something hits you.
* * * LOW HITPOINT WARNING * * *
You are more poisoned.
Unknown command.
You are confused.
You feel invigorated.
* * * LOW HITPOINT WARNING * * *
You feel extremely sick. Something hits you.
You die...

#######+### #.........#
#.........# +.........#
#### #.........####
#####... #.....){..##..
#......# #......@..##.#
#......# +.....)..)##.#
#.......
#.........##.####.......
.................>......
.#.####.####.####.###...
#.####.#.........# #...
#......#.##.#########'#
#......+..............#
##.....#.##.########..#


There were no monsters in sight!

Vanquished Creatures
  A centaur (D:4)
  A water moccasin zombie (D:5)
  A jelly (D:4)
  3 bullfrog skeletons (D:4)
  5 orc wizards
  Terence (D:3)
  4 adders
  2 shadow imps (D:4)
  An adder skeleton (D:4)
  A worm (D:2)
  3 dart slugs
  7 orcs
  7 endoplasms
  4 giant cockroaches
  5 goblins
  6 hobgoblins
  2 jackals (D:5)
  6 kobolds
  A quokka (D:4)
  5 ball pythons
  8 bats
  2 frilled lizards (D:2)
  2 rats (D:1)
78 creatures vanquished.

Notes
Turn   | Place    | Note
-------+----------+-------------------------------------------
     0 | D:1      | Atelerd the Octopode Earth Elementalist began the quest for
                  | the Orb.
     0 | D:1      | Reached XP level 1. HP: 11/11 MP: 3/3
   365 | D:1      | Reached XP level 2. HP: 9/17 MP: 1/5
  1307 | D:1      | Reached XP level 3. HP: 15/21 MP: 3/6
  1672 | D:2      | Found Umyefecs's Book Shop.
  1732 | D:2      | Found a runed translucent door.
  1733 | D:2      | Noticed Crazy Yiuf
  2213 | D:2      | Found a faded altar of an unknown god.
  2314 | D:3      | Noticed Terence
  2321 | D:3      | Killed Terence
  2322 | D:3      | Reached XP level 4. HP: 10/27 MP: 5/8
  3166 | D:3      | Reached skill level 4 in Earth Magic
  3542 | D:3      | Reached XP level 5. HP: 27/31 MP: 9/9
  3696 | D:3      | Learned a level 4 spell: Petrify
  3818 | D:4      | Upgraded the game from 0.27.1-3-gb3d3a73c9e to
                  | 0.27.1-4-g1640c2035a
  3823 | D:4      | Reached XP level 6. HP: 36/36 MP: 11/11
  4425 | D:4      | Reached skill level 5 in Earth Magic
  4425 | D:4      | Reached XP level 7. HP: 39/41 MP: 10/13
  4603 | D:5      | Entered Level 5 of the Dungeon
  4909 | D:5      | HP: 2/41 [poisoned by an orc wizard]
  4909 | D:5      | Slain by an orc wizard

Illustrated notes

Levels and vault maps discovered:
D:1:      scummos_arrival_forest, layout_basic, serial_rivers,
          chequers_serial_rivers_micro_d, chequers_serial_rivers_marsh,
          chequers_serial_rivers_room_a, chequers_serial_rivers_micro_e,
          interstate_on_off, minmay_misc_feat_square
D:2:      layout_rooms, serial_shops, nicolae_shop_statue_plus,
          chequers_ecumenical_altar_lobes, minmay_misc_feat_chi,
          uniq_crazy_yiuf_cottage
D:3:      layout_basic, minmay_misc_feat_roman, uniq_terence
D:4:      layout_rooms
D:5:      layout_basic, minmay_temple_entry_glass

Skill      XL: |  1  2  3  4  5  6  7 |
---------------+----------------------+-----
Transmutations | 2 3 4 |  4.2
Spellcasting   | 3 4 |  4.3
Earth Magic    | 4 5 |  5.1
Stealth        | 3 |  3.2
Dodging        | |  2.0

Action                   |  1- 3 |  4- 6 |  7- 9 || total
-------------------------+-------+-------+-------++-------
Melee: Dagger            |    48 |    73 |    16 ||   137
       Constrict         |    12 |    15 |     6 ||    33
       Unarmed           |     3 |       |       ||     3
       Tentacles         |     8 |    16 |     5 ||    29
 Cast: Sandblast         |    17 |    39 |     9 ||    65
  Use: Potion            |       |     2 |     1 ||     3
 Stab: Sleeping          |     6 |     7 |     1 ||    14
Armor: Skin              |     2 |     5 |       ||     7
Dodge: Dodged            |    31 |    43 |    13 ||    87
